 Dungeon Crawl Stone Soup version 0.15-a0-1230-gf41e293 (webtiles) character file.

410 Crauler the Ruffian (level 6, 0/48 HPs)
             Began as a Draconian Transmuter on June 3, 2014.
             Was an Initiate of Qazlal.
             Killed from afar by an orc wizard (12 damage)
             ... with a puff of flame
             ... on Level 4 of the Dungeon.
             The game lasted 00:15:17 (3469 turns).

Crauler the Ruffian (Draconian Transmuter)          Turns: 3469, Time: 00:15:17

HP   0/48        AC  2     Str 13      XL: 6   Next: 58%
MP  11/13        EV 21     Int 15      God: Qazlal [......]
Gold 135         SH  0     Dex 16      Spells:  2 memorised,  7 levels left

rFire  . . .     SeeInvis .       - Unarmed
rCold  . . .     Clarity  .     (armour unavailable)
rNeg   . . .     rCorr    .     (shield currently unavailable)
rPois  x         rRot     .     (helmet currently unavailable)
rElec  .         Spirit   .     (cloak currently unavailable)
SustAb .         Warding  .     v - melded +0 pair of gloves
rMut   .         Stasis   .     (boots currently unavailable)
Gourm  .                        (no amulet)
MR     .....                    (no ring)
                                (no ring)

@: spider-form (expiring), not resistant to hostile enchantments, very
unstealthy
A: unfitting armour, (cold-blooded), AC +6
a: End Transformation, Renounce Religion


You were on level 4 of the Dungeon.
You worshipped Qazlal.
Qazlal was noncommittal.
You were hungry.
You were in spider-form.
You visited 2 branches of the dungeon, and saw 5 of its levels.

You collected 135 gold pieces.

Inventory:

Hand weapons
 o - a +0,+0 whip
Missiles
 b - 12 arrows
Armour
 v - a +0 pair of gloves (melded)
Magical devices
 z - a wand of frost (11)
Comestibles
 a - 2 bread rations
 l - a meat ration
 t - 3 beef jerkies
Scrolls
 f - 4 scrolls of identify
 g - 6 scrolls of remove curse
 h - 2 scrolls of recharging
 j - a scroll of immolation {unknown}
 k - a scroll of enchant armour {unknown}
 q - 2 scrolls of enchant weapon II {unknown}
 s - a scroll of fog {unknown}
 u - a scroll of enchant weapon I {unknown}
 x - a scroll of teleportation {unknown}
 y - a scroll of magic mapping {unknown}
Potions
 c - 3 potions of curing
 e - a potion of brilliance {unknown}
 i - a potion of restore abilities {unknown}
 m - 2 potions of heal wounds {unknown}
 n - a potion of paralysis {unknown}
 p - 2 potions of resistance {unknown}
 r - a potion of mutation {unknown}
Books
 d - a book of Changes

   Spells                             Type                      Level
   *Beastly Appendage                 Transmutation                1
   Sticks to Snakes                   Transmutation                2
   *Spider Form                       Transmutation/Poison         3
   Ice Form                           Ice/Transmutation            4
   Blade Hands                        Transmutation                5
Magical staves
 A - an uncursed staff of summoning


   Skills:
 + Level 2.2 Fighting
 + Level 3.3 Dodging
 + Level 4.8 Unarmed Combat
 * Level 3.1 Spellcasting
 * Level 3.2 Transmutations
 - Level 1.4 Poison Magic


You had 7 spell levels left.
You knew the following spells:

 Your Spells              Type           Power        Failure   Level  Hunger
a - Beastly Appendage     Trmt           ##....       17%         1    #......
b - Spider Form           Trmt/Pois      #.........   45%         3    ###....


Dungeon Overview and Level Annotations

Branches:
Dungeon (4/15)             Temple (1/1) D:4

Altars:
Ashenzari
Dithmenos
Elyvilon
Fedhas
Gozag
Kikubaaqudgha
Makhleb
Nemelex Xobeh
Okawaru
Qazlal
Sif Muna
Trog
Vehumet
Xom
Yredelemnul
Zin
The Shining One

Annotations:
D:4 Herrn's ghost, average MiFi


Innate Abilities, Weirdness & Mutations

((Your plain brown scales are hard (AC +6).))*
Your body does not fit into most forms of armour.
((Your cold-blooded metabolism reacts poorly to cold.))*


Message History

The ogre barely misses you. Something hits you.
You barely miss something.
You kill the ogre!
Qazlal accepts your kill.
You hear some strange, mumbled words.
The puff of flame hits you!
You closely miss something.
The orc suddenly curses.
The orc barely misses you.
You hear some strange, mumbled words.
The magic dart hits you!
You hit the orc.
The orc is severely wounded.
Your transformation is almost over.
Something hits you but does no damage. The orc hits you with a hand axe!
* * * LOW HITPOINT WARNING * * *
You hear some strange, mumbled words.
The puff of flame hits you!
You die...

.. ...###### .#.#.#.#.##
............
....#.##'##.################
.>.....#...#.................
......#.'...'.#######........#
.........#..[#s.# #.........
......#.##'##.## #.........
####........o...# #.........
#......#.#.#.#.## #.........
#.............# #.........
####.P#)).....# #........#
#_._._##......# #........#
#P.....P#......# #........#
#....oo..#......# #........#


There were no monsters in sight!

Vanquished Creatures
  An ogre (D:4)
  A scorpion (D:4)
  A worker ant (D:4)
  4 orc wizards
  7 gnolls
  An adder (D:3)
  A worm (D:2)
  An ooze (D:4)
  11 orcs (D:3)
  A ball python (D:2)
  6 bats
  7 goblins
  4 hobgoblins
  A quokka (D:3)
  3 giant cockroaches
  A giant gecko (D:1)
  A giant newt (D:2)
  5 kobolds
  5 rats
62 creatures vanquished.

Notes
Turn   | Place    | Note
--------------------------------------------------------------
     0 | D:1      | Crauler, the Draconian Transmuter, began the quest for the Orb.
     0 | D:1      | Reached XP level 1. HP: 16/16 MP: 3/3
   666 | D:2      | Reached XP level 2. HP: 21/23 MP: 4/4
   935 | D:2      | Reached XP level 3. HP: 21/28 MP: 6/6
  1184 | D:1      | Learned a level 3 spell: Spider Form
  1246 | D:2      | Reached skill level 4 in Unarmed Combat
  1253 | D:2      | Reached XP level 4. HP: 6/35 MP: 4/8
  1679 | D:2      | Found a sparkling altar of Nemelex Xobeh.
  2031 | D:3      | Reached skill level 1 in Poison Magic
  2286 | D:3      | Reached XP level 5. HP: 40/40 MP: 9/9
  3011 | D:4      | Reached XP level 6. HP: 37/48 MP: 6/12
  3027 | D:4      | Found a staircase to the Ecumenical Temple.
  3061 | Temple   | Entered the Ecumenical Temple
  3077 | Temple   | Became a worshipper of Qazlal Stormbringer
  3234 | D:4      | Found a radiant altar of Vehumet.
  3234 | D:4      | Found a sparkling altar of Nemelex Xobeh.
  3237 | D:4      | Noticed Herrn's ghost (average MiFi)
  3237 | D:4      | Found a basalt altar of Yredelemnul.
  3444 | D:4      | Noticed an ogre
  3462 | D:4      | Killed an ogre
  3469 | D:4      | Killed from afar by an orc wizard

Action                   |  1- 3 |  4- 6 || total
-------------------------+-------+-------++-------
Melee: Unarmed           |    61 |   174 ||   235
       Whip              |     1 |       ||     1
 Cast: Spider Form       |     2 |     6 ||     8
       Beastly Appendage |       |     1 ||     1
Evoke: Wand              |       |     1 ||     1
  Use: Scroll            |     3 |       ||     3
       Potion            |       |     1 ||     1
 Stab: Sleeping          |       |     1 ||     1
